 Dungeon Crawl Stone Soup version 0.30-a0-777-ga9a30cbeda (webtiles) character file.

Game seed: 14298251545811268482

50 Mickster the Shield-Bearer (level 3, -2/30 HPs)
             Began as a Demigod Fighter on Feb 13, 2023.
             Splashed by a jelly's acid (4 damage)
             ... on level 3 of the Dungeon.
             The game lasted 00:17:57 (1578 turns).

Mickster the Shield-Bearer (Demigod Fighter)        Turns: 1578, Time: 00:17:58

Health: -2/30      AC:  1    Str: 21    XL:     3   Next: 35%
Magic:  5/5        EV:  7    Int: 10    God:
Gold:   71         SH:  4    Dex: 13    Spells: 2/2 levels left

rFire   . . .      SeeInvis .    i - +0 dagger (speed)
rCold   . . .      Faith    .    c - +0 buckler
rNeg    . . .      Spirit   .    g - +0 chain mail
rPois   .          Reflect  .    (no helmet)
rElec   .          Harm     .    (no cloak)
rCorr   .          Rampage  .    (no gloves)
Will    .....                    (no boots) Stlth
                                 (no amulet)
HPRegen 0.25/turn                (no ring)
MPRegen 0.09/turn                (no ring)

@: corroded
A: high MP 1, forlorn, divine attributes
a: no special abilities


You were on level 3 of the Dungeon.
You visited 1 branch of the dungeon, and saw 3 of its levels.

You collected 71 gold pieces.

Inventory:

Hand Weapons
 a - a +1 war axe
 h - a +0 sling
 i - a +0 dagger of speed (weapon)
Missiles
 f - 5 atropa-tipped darts (quivered)
Armour
 b - a +0 scale mail
 c - a +0 buckler (worn)
 g - a +0 chain mail (worn)
Magical Staves
 e - a staff of fire
Scrolls
 j - 2 scrolls of teleportation
Potions
 d - a potion of might


   Skills:
 + Level 2.8 Fighting
 * Level 1.2 Short Blades
 - Level 2.2 Axes
 + Level 2.9 Armour
 + Level 0.3 Dodging
 + Level 3.1 Shields


You had 2 spell levels left.
You didn't know any spells.
Your spell library contained the following spells:

 Spells                   Type           Power      Damage    Failure   Level
 Frozen Ramparts          Ice            0%         1d1       100%        3
 Hailstorm                Conj/Ice       0%         3d3       100%        3
 Ice Form                 Ice/Tmut       0%         N/A       100%        4
 Summon Ice Beast         Ice/Summ       0%         N/A       100%        4
 Summon Mana Viper        Hex/Summ       0%         N/A       100%        5
 Simulacrum               Ice/Necr       0%         N/A       100%        6
 Monstrous Menagerie      Summ           0%         N/A       100%        7


Dungeon Overview and Level Annotations

Branches:
Dungeon (3/15)


Innate Abilities, Weirdness & Mutations

You have an increased reservoir of magic. (+10% MP)
You shall have no god before yourself.
Your divine heritage dramatically boosts your attributes as you level up.


Message History

Found a leather armour.
Found a stone staircase leading down.
You see here a +0 leather armour.
There is a stone staircase leading down here.
There is a stone staircase leading down here.
You climb downwards.
Found a scroll labelled KUOVAC KAF JOG.
Found a stone staircase leading up and a stone staircase leading down.
There is a stone staircase leading up here.
Found a radiant altar of Vehumet.
k - a scroll labelled KUOVAC KAF JOG
There are no items here.
The air fills with toxic fumes!
As you read the scroll labelled KUOVAC KAF JOG, it crumbles to dust.
It was a scroll of poison.
You start waiting.
Done waiting.
A jelly comes into view.
The jelly quivers.
The jelly barely misses you. The jelly hits you but does no damage.
You hit the jelly. The acid corrodes you!
Your hands burn!
The jelly is moderately wounded.
You hit the jelly but do no damage.
Your hands burn!
The jelly is moderately wounded.
The jelly hits you. The acid corrodes you!
You are splashed with acid!
You hit the jelly but do no damage.
Your hands burn!
* * * LOW HITPOINT WARNING * * *
The jelly is moderately wounded.
You block the jelly's attack.
You hit the jelly.
Your hands burn!
* * * LOW HITPOINT WARNING * * *
The jelly is heavily wounded.
You hit the jelly but do no damage. The acid corrodes you!
Your hands burn!
* * * LOW HITPOINT WARNING * * *
The jelly is heavily wounded.
The jelly jiggles.
You block the jelly's attack.
You hit the jelly.
Your hands burn!
You die...

.#...≈ ## .....≈
.. ###...≈≈≈ .
#.......≈ #.
#.......
#.##...#.#
#........#
.#####J@.####
............+ .
######...####..
#######......>.#.
.................
.._..♣♣♣♣..####..
.................
######.....###.##
#<.####


You could see a jelly.

Vanquished Creatures
  An adder (D:2)
  A worm (D:2)
  A dart slug (D:2)
  4 ball pythons
  2 endoplasms (D:2)
  3 giant cockroaches
  2 goblins
  5 hobgoblins
  4 kobolds (D:1)
  A quokka (D:1)
  4 bats
  4 frilled lizards
  A rat (D:1)
33 creatures vanquished.

Notes
Turn   | Place    | Note
-------+----------+-------------------------------------------
     0 | D:1      | Mickster the Demigod Fighter began the quest for the Orb.
     0 | D:1      | Reached XP level 1. HP: 18/18 MP: 3/3
   192 | D:1      | Reached XP level 2. HP: 21/25 MP: 4/4
   283 | D:1      | Reached skill level 3 in Shields
  1128 | D:2      | Reached XP level 3. HP: 30/30 MP: 5/5
  1297 | D:2      | Reached skill level 1 in Short Blades
  1578 | D:3      | Splashed by a jelly's acid

Illustrated notes

Levels and vault maps discovered:
D:1:      eino_arrival_tree_alley, layout_basic, serial_curves, eino_curves_01,
          eino_curves_03, eino_curves_02,
          dreamdust_ecumenical_altar_hidden_monk_grotto, minmay_tromino_v7
D:2:      layout_loops_ring, kennysheep_cluttered_room
D:3:      layout_loops_corners, hangedman_ru_absence,
          mainiacjoe_overflow_boulevard, slow_altar_1, minmay_misc_feat_square

Skill      XL: |  1  2  3 |
---------------+----------+-----
Shields        | 3 |  3.1
Axes           | 2 |  2.2
Short Blades   | 1 |  1.2
Fighting       | |  2.8
Armour         | |  2.9
Dodging        | |  0.3

Action                     || total
---------------------------++-------
  Melee: War axe           ||    78
         Dagger            ||    64
  Throw: Dart              ||     4
    Use: Scroll            ||     8
         Potion            ||     1
 Armour: Scale mail        ||    18
         Chain mail        ||    58
  Dodge: Dodged            ||    51
  Block: Buckler           ||    43

Table legend: (Time is in decaauts)
 A = Elapsed time spent in this place.
 B = Non-inter-level travel time spent in this place.
 C = Inter-level travel time spent in this place.
 D = Time resting spent in this place.
 E = Time spent auto-exploring this place.
 F = Levels seen in this place.
 G = Mean time per level.
                   A        B        C        D        E       F      G
               +--------+--------+--------+--------+--------+-----+--------+
         Total |   1591 |   1484 |    107 |    164 |      0 |   3 |  530.3 |
       Dungeon |   1591 |   1484 |    107 |    164 |      0 |   3 |  530.3 |
               +--------+--------+--------+--------+--------+-----+--------+

Top non-repeatable levels by time:
     D:1: 987 daAuts
     D:2: 482 daAuts
     D:3: 121 daAuts
